Map: [ESL] Data-C

Players

soO

  • Race: Zerg Zerg
  • Spawn Location: 9:00

LiquidClem (Clem) - Winner!

  • Race: Terran Terran
  • Spawn Location: 3:00

Event: TSL 9

VOD

Have the link to the VOD?

Description

Time

  • Played on: July 30, 2022, 12:45 p.m.
  • Length: 12:57

All games in this series

Show
View Real Time Build Order
Export as new Build Order

soO Zerg 

Build Orders: Hatch First 

Get SALT Encoding   

  12  0:01  Drone  
  13  0:12  Overlord  
  13  0:17  Drone  
  14  0:30  Drone x2  
  16  0:48  Hatchery  
  15  0:51  Drone  
  15  0:54  Drone  
  17  0:58  Drone  
  18  1:09  Extractor  
  17  1:14  Spawning Pool  
  17  1:17  Drone  
  17  1:20  Drone  
  18  1:27  Drone  
  19  2:01  Zergling x8, Queen x2  
  27  2:11  Metabolic Boost  
  27  2:14  Spine Crawler  
  26  2:19  Extractor  
  26  2:20  Overlord  
  26  2:23  Zergling x2  
  26  2:24  Zergling x2  
  27  2:38  Queen  
  28  2:47  Zergling x8  
  31  2:57  Zergling x4  
  33  3:01  Drone  
  34  3:08  Overlord  
  34  3:10  Drone  
  35  3:13  Overlord  
  35  3:14  Drone  
  35  3:19  Overlord  
  35  3:29  Drone x3  
  35  3:31  Drone  
  39  3:39  Drone  
  39  3:40  Drone  
  41  3:48  Drone x3  
  41  3:49  Drone x2  
  41  3:51  Drone  
  47  3:56  Queen  
  47  4:00  Drone x2  
  51  4:14  Drone  
  51  4:15  Overlord  
  52  4:18  Hatchery  
  52  4:20  Drone  
  52  4:22  Drone  
  52  4:24  Drone  
  54  4:25  Drone  
  54  4:30  Zergling x6  
  58  4:52  Zergling x16  
  62  4:59  Zergling x8  
  59  5:00  Queen  
  57  5:09  Zergling x2  
  55  5:15  Drone  
  51  5:21  Drone x2  
  52  5:28  Queen  
  52  5:30  Drone x2  
  52  5:33  Queen, Evolution Chamber x2  
  52  5:35  Drone x4  
  58  5:38  Queen  
  62  5:43  Drone x2  
  62  5:46  Drone  
  65  5:53  Overlord  
  65  5:57  Extractor  
  65  6:00  Zergling x4  
  65  6:02  Zerg Ground Armor Level 1  
  65  6:03  Zerg Melee Weapons Level 1  
  66  6:05  Drone x2  
  66  6:06  Spore Crawler x2, Drone x2  
  66  6:08  Spore Crawler  
  67  6:12  Queen  
  67  6:16  Drone x2  
  67  6:17  Drone x2  
  73  6:21  Queen  
  73  6:23  Drone  
  73  6:25  Drone  
  75  6:28  Drone x2  
  75  6:29  Drone  
  75  6:31  Drone  
  77  6:33  Drone  
  77  6:37  Drone x2  
  80  6:40  Overlord  
  76  6:47  Zergling x8  
  80  6:55  Drone x3  
  80  6:56  Drone x2  
  80  7:00  Lair  
  81  7:01  Drone  
  81  7:04  Queen  
  81  7:06  Drone  
  83  7:09  Drone x2  
  83  7:10  Drone  
  83  7:11  Drone  
  87  7:16  Zergling x6  
  90  7:27  Baneling Nest, Extractor  
  90  7:28  Hatchery, Extractor  
  86  7:34  Zergling x8  
  86  7:36  Overlord x3  
  90  7:39  Overlord x2  
  90  7:47  Overlord  
  90  7:51  Overlord  
  90  7:54  Extractor  
  90  7:55  Drone x3, Extractor  
  90  7:56  Drone x2  
  90  7:57  Drone x2  
  95  7:59  Overseer  
  95  8:02  Drone  
  95  8:05  Drone x3  
  99  8:06  Spire  
  99  8:09  Drone  
  99  8:15  Zergling x12  
  105  8:21  Hatchery  
  105  8:25  Zergling x8  
  108  8:33  Zergling x10  
  112  8:38  Zergling x2  
  112  8:39  Zergling x4  
  115  8:47  Zerg Melee Weapons Level 2, Zerg Ground Armor Level 2  
  115  8:48  Centrifugal Hooks  
  115  8:50  Baneling x2  
  115  8:52  Zergling x10  
  115  8:55  Drone  
  121  9:01  Baneling x4  
  121  9:08  Zergling x12  
  121  9:09  Zergling x6  
  126  9:28  Zergling x16  
  126  9:29  Baneling  
  134  9:34  Baneling  
  134  9:35  Baneling x3  
  130  9:42  Hatchery  
  102  9:46  Zergling x20  
  97  10:01  Mutalisk x6  
  104  10:12  Mutalisk x3  
  104  10:13  Zergling x4  
  104  10:14  Zergling x2  
  105  10:15  Overseer  
  103  10:21  Zergling x20  
  110  10:32  Zergling x14  
  110  10:34  Baneling x5  
  110  10:35  Baneling x2  
  117  10:38  Pneumatized Carapace  
  117  10:44  Zergling x8  
  117  10:49  Drone x2  
  119  10:54  Zergling x10  
  124  10:59  Zergling x4  
  117  11:08  Mutalisk x4  
  107  11:11  Zergling x2  
  107  11:12  Zergling x2  
  107  11:18  Zergling x12  
  109  11:24  Zergling x2  
  109  11:25  Zergling x6  
  109  11:28  Baneling x5  
  109  11:29  Mutalisk  
  109  11:32  Spore Crawler  
  110  11:36  Mutalisk x4  
  110  11:38  Zergling x2  
  119  11:48  Zergling x10  
  119  11:53  Overseer  
  122  11:54  Zergling x10  
  119  12:04  Zergling x16  
  124  12:11  Mutalisk x4  
  124  12:15  Zergling x4  
  122  12:16  Baneling x8  
  122  12:19  Zergling x6  
  125  12:24  Overlord x2  
  125  12:25  Overlord  
  125  12:26  Overlord  
  122  12:30  Overlord  
  108  12:39  Zergling x26  
Show
View Real Time Build Order
Export as new Build Order

LiquidClem Terran - Winner!

Build Orders:  

Get SALT Encoding   

  12  0:00  SCV  
  13  0:12  SCV  
  14  0:18  Supply Depot  
  14  0:24  SCV  
  15  0:40  Barracks  
  15  0:46  Refinery  
  15  0:57  Barracks  
  15  1:01  SCV  
  16  1:13  SCV, Refinery  
  17  1:28  Reaper  
  18  1:33  Orbital Command  
  18  1:43  Supply Depot  
  18  1:49  Reaper  
  19  2:00  Reaper  
  20  2:01  SCV  
  21  2:15  Factory  
  21  2:18  SCV  
  22  2:23  Reaper  
  23  2:30  SCV  
  24  2:42  SCV  
  25  2:54  Command Center  
  25  2:55  SCV  
  25  3:04  Factory Reactor  
  25  3:07  SCV  
  25  3:10  Reaper  
  27  3:15  Reaper  
  27  3:19  Supply Depot  
  28  3:22  SCV  
  29  3:30  Starport  
  29  3:34  SCV  
  29  3:41  Hellion  
  32  3:45  Hellion  
  34  3:48  SCV  
  35  4:00  SCV  
  35  4:02  Hellion  
  38  4:06  Hellion  
  38  4:08  Supply Depot  
  40  4:10  Medivac  
  40  4:14  SCV  
  43  4:25  Orbital Command  
  43  4:26  SCV  
  44  4:34  Hellion  
  44  4:36  Hellion  
  48  4:38  SCV  
  48  4:43  Starport Tech Lab  
  49  4:50  SCV  
  49  4:51  SCV  
  50  4:59  Hellion x2  
  54  5:03  SCV x2  
  54  5:06  Banshee  
  55  5:15  SCV x2  
  55  5:24  Hellion x2  
  55  5:27  SCV x2  
  61  5:31  Supply Depot  
  61  5:34  Armory  
  61  5:38  Barracks Tech Lab  
  61  5:39  SCV x2  
  63  5:51  Command Center  
  63  5:52  Banshee  
  63  5:55  Cloaking Field  
  66  5:58  SCV  
  66  5:59  SCV  
  68  6:08  Marine  
  68  6:09  Stimpack  
  68  6:10  Supply Depot, SCV  
  70  6:12  SCV  
  71  6:20  Barracks  
  71  6:24  Barracks  
  71  6:27  Marine  
  71  6:31  SCV  
  71  6:37  Engineering Bay x2  
  71  6:39  Factory Reactor  
  71  6:40  Banshee  
  71  6:41  SCV  
  71  6:45  Marine  
  76  6:48  SCV  
  76  6:50  Barracks, Refinery  
  76  6:52  Refinery  
  76  6:53  SCV  
  78  7:00  Supply Depot, SCV  
  73  7:01  Hellion x4  
  73  7:03  Marine  
  73  7:05  SCV  
  73  7:08  Terran Infantry Armor Level 1, Terran Infantry Weapons Level 1  
  73  7:12  SCV  
  74  7:17  SCV  
  74  7:19  Marine x2  
  74  7:21  Marine  
  78  7:24  SCV  
  78  7:26  Orbital Command  
  78  7:27  Marine x2  
  82  7:30  SCV  
  82  7:32  Starport Reactor  
  82  7:33  Supply Depot  
  82  7:34  Supply Depot  
  82  7:36  Barracks, SCV  
  83  7:38  Barracks Reactor  
  83  7:39  Marine x2  
  83  7:42  SCV  
  83  7:44  Supply Depot  
  86  7:45  Marine  
  86  7:48  SCV  
  86  7:50  Marine  
  89  7:53  Siege Tank  
  89  7:54  Supply Depot, SCV x2  
  94  8:00  SCV, Marine x2  
  94  8:02  Marine  
  94  8:03  Marine  
  94  8:05  Combat Shield  
  99  8:06  SCV x2  
  99  8:12  Supply Depot, Refinery, Medivac x2  
  105  8:13  SCV  
  105  8:17  Bunker  
  105  8:18  SCV x2  
  105  8:19  Marine x2  
  109  8:20  Supply Depot  
  109  8:25  Factory  
  109  8:26  Barracks Reactor  
  110  8:32  SCV, Siege Tank  
  114  8:34  SCV  
  114  8:36  Marine  
  116  8:41  Marine  
  116  8:44  Marine  
  116  8:47  Command Center  
  115  8:49  Marine  
  115  8:53  Marine  
  115  8:55  Marine x3  
  119  8:56  Medivac x2  
  119  8:59  Marine  
  119  9:02  Marine  
  125  9:03  SCV x2, Marine  
  125  9:04  Siege Tank  
  125  9:06  Marine  
  125  9:07  Marine  
  125  9:09  Factory Reactor  
  134  9:13  Marine  
  134  9:14  Marine  
  134  9:15  Marine x2  
  138  9:17  Marine  
  138  9:20  Marine  
  138  9:23  Marine  
  141  9:24  Marine  
  141  9:25  Supply Depot, Terran Infantry Weapons Level 2, Marine  
  141  9:27  Terran Infantry Armor Level 2  
  141  9:30  Marine  
  144  9:31  SCV  
  144  9:32  SCV  
  144  9:33  Refinery, Marine  
  144  9:36  Marine x3  
  150  9:41  Medivac x2  
  150  9:42  Marine  
  135  9:45  Siege Tank  
  135  9:48  SCV  
  135  9:49  Marine x3  
  135  9:51  Drilling Claws  
  142  9:54  Widow Mine  
  142  9:57  Widow Mine  
  142  9:58  Marine x2  
  141  10:00  Marine  
  141  10:01  Marine  
  141  10:04  Marine x2  
  141  10:07  Marine x3  
  145  10:11  Medivac  
  138  10:16  Marine x2  
  138  10:18  Siege Tank, Marine  
  138  10:19  Marine  
  138  10:20  SCV  
  138  10:21  SCV x2, Marine  
  147  10:22  Marine  
  147  10:24  Marine  
  147  10:25  Marine x2  
  149  10:33  SCV, Marine  
  149  10:34  Marine  
  152  10:36  Marine  
  152  10:38  Widow Mine, Sensor Tower, Marine  
  152  10:39  Marine x2  
  152  10:40  Planetary Fortress  
  158  10:47  Widow Mine, Marine  
  158  10:49  Marine x2  
  162  10:51  Marine x2  
  162  10:54  Widow Mine, Marine  
  162  10:56  Marine  
  166  10:57  Marine  
  166  10:58  Missile Turret  
  166  10:59  Missile Turret  
  166  11:01  Missile Turret, Marine  
  164  11:06  Marine  
  164  11:07  Marine x2  
  144  11:12  SCV  
  144  11:13  SCV x2  
  144  11:15  Marine x2  
  144  11:17  SCV  
  146  11:19  Widow Mine  
  146  11:20  Marine x4  
  146  11:25  Marine  
  153  11:26  Marine x2  
  153  11:32  Missile Turret  
  157  11:33  Missile Turret, Widow Mine, Marine  
  157  11:37  Marine  
  157  11:38  Marine  
  157  11:39  Sensor Tower, Marine  
  161  11:41  Widow Mine  
  163  11:48  Marine  
  164  11:57  Barracks x3  
  164  11:59  Marine  
  151  12:02  Marine x2  
  151  12:03  Marine  
  151  12:05  Marine x2  
  151  12:08  Widow Mine, Marine  
  159  12:11  Marine  
  159  12:14  Marine  
  159  12:15  Widow Mine  
  159  12:17  Marine  
  159  12:20  Command Center, Widow Mine  
  162  12:24  Marine  
  162  12:25  Marine x2  
  162  12:26  Marine  
  162  12:29  Widow Mine  
  166  12:30  Marine  
  166  12:31  Marine  
  166  12:33  Marine  
  166  12:34  Marine  
  166  12:35  Marine  
Tags
 
Event
TSL 9
Matchup
TvZ
Player
ClemsoO
Spawn Locations
Cross Positions
Add a new tag
Caveats
  • Supply blocks, unpowered buildings, or Contaminate may cause inaccurate times.
  • Supply counts are checked every 10 seconds.